 Dungeon Crawl Stone Soup version 0.31.0-9-g3a7656b989 (console) character file.

Game seed: 9341416232252375358

102713 AlterAsc the Metamorph (level 15, -13/124 HPs)
             Began as a Felid Shapeshifter on Jan 24, 2024.
             Was the Champion of Dithmenos.
             Mangled by a deep troll (18 damage)
             ... on level 1 of the Depths.
             The game lasted 01:39:48 (29470 turns).

AlterAsc the Metamorph (Felid Shapeshifter)        Turns: 29470, Time: 01:39:48

Health: -13/124    AC: 16    Str: 24    XL:     15   Next: 87%
Magic:  20/20      EV: 13    Int: 16    God:    Dithmenos [******]
Gold:   2228       SH:  0    Dex: 17    Spells: 17/20 levels left
                                        Lives:  0   Deaths: 5

rFire   + +          .
                       - Unarmed
rCold   x . .        (shield unavailable)
rNeg    . . .        (body armour unavailable)
rPois   +            (helmet unavailable)
rElec   .            (cloak unavailable)
rCorr   +            (gloves unavailable)
SInv    +            (boots unavailable)
Will    ++...        T - amulet of regeneration
Stlth   ++++++++     r - ring of resist corrosion
HPRegen 1.20/turn    h - +4 ring of protection
MPRegen 0.17/turn

%: no passive effects
@: dragon-form, flying, hasted, wreathed by umbra, studying Ice Magic, very
quick
A: dragon claw, dragon scales, breathe fire, flying, boosted hp, giant, (claws
1), (fangs 3), see invisible, (shaggy fur 3), (stealthy paws), no weapons or
thrown items, no armour, multi-lived
a: Breathe Fire, Begin Untransformation, Renounce Religion, Shadow Step, Shadow
Form


You were on level 1 of the Depths.
You worshipped Dithmenos.
Dithmenos was exalted by your worship.
You were a fearsome dragon!
You visited 5 branches of the dungeon, and saw 23 of its levels.
You also visited: Ice Cave.

You collected 2318 gold pieces.
You spent 90 gold pieces at shops.

Inventory:

Armour
 U - the +4 skin of Zhor {*Englaciate rC+++ SInv}
   (You found it in an ice cave)

   *Englaciate: It radiates cold, occasionally slowing all nearby creatures who
   are not resistant to cold.
   rC+++:     It renders you almost immune to cold.
   SInv:      It lets you see invisible.
Jewellery
 g - an amulet of faith
 h - a +4 ring of protection (right foreclaw)
 j - an amulet of guardian spirit
 m - a ring of magical power
 r - a ring of resist corrosion (left foreclaw)
 J - a ring of willpower
 K - a ring of ice
 O - an amulet of reflection
 R - a ring of ice
 T - an amulet of regeneration (around neck)
Talismans
 b - a beast talisman
 c - a flux talisman
 t - a serpent talisman
 y - a dragon-blood talisman (active)
 I - a blade talisman
Wands
 d - a wand of digging (17)
 k - a wand of polymorph (40)
 w - a wand of light (38)
 B - a wand of paralysis (8)
 L - a wand of iceblast (5)
 Q - a wand of mindburst (7)
Scrolls
 l - 3 scrolls of fog
 n - 2 scrolls of vulnerability
 o - 2 scrolls of fear
 p - 4 scrolls of revelation
 q - 2 scrolls of torment {unknown}
 s - 2 scrolls of amnesia
 u - 2 scrolls of enchant weapon {unknown}
 A - a scroll of summoning {unknown}
 C - 2 scrolls of blinking {unknown}
 D - a scroll of silence {unknown}
 E - 4 scrolls of enchant armour
 F - 6 scrolls of immolation
 M - 2 scrolls of poison {unknown}
 P - 2 scrolls of teleportation
 X - a scroll of noise {unknown}
 Y - a scroll of brand weapon {unknown}
Potions
 a - 11 potions of degeneration
 e - 4 potions of resistance
 f - a potion of magic {unknown}
 i - 3 potions of attraction
 v - 4 potions of berserk rage {unknown}
 x - 3 potions of might
 G - 2 potions of cancellation {unknown}
 H - 2 potions of lignification
 N - a potion of haste
 S - 3 potions of curing
 W - a potion of ambrosia {unknown}
 Z - a potion of enlightenment {unknown}


   Skills:
 + Level 11.5 Fighting
 - Level 11.1 Dodging
 - Level 9.0 Stealth
 * Level 14.5 Unarmed Combat
 - Level 3.0 Spellcasting
 - Level 6.0 Ice Magic
 + Level 16.4 Shapeshifting


You had 17 spell levels left.
You knew the following spells:

 Your Spells              Type           Power      Damage    Failure   Level
a - Ozocubu's Armour      Ice            21%        N/A       4%          3

Your spell library contained the following spells:

 Spells                   Type           Power      Damage    Failure   Level
 Freeze                   Ice            84%        1d9       1%          1
 Frozen Ramparts          Ice            42%        1d7       4%          3
 Ensorcelled Hibernation  Hex/Ice        24%        N/A       9%          2
 Hailstorm                Conj/Ice       12%        3d6       16%         3
 Summon Ice Beast         Ice/Summ       12%        N/A       16%         3
 Magic Dart               Conj           8%         1d3       19%         1
 Slow                     Hex            8%         N/A       19%         1
 Scorch                   Fire           4%         2d5       28%         2
 Searing Ray              Conj           4%         2d4       28%         2
 Sublimation of Blood     Necr           2%         N/A       28%         2
 Call Canine Familiar     Summ           2%         N/A       50%         3
 Confusing Touch          Hex            2%         N/A       50%         3
 Fugue of the Fallen      Necr           2%         N/A       50%         3
 Gell's Gravitas          Tloc           2%         N/A       50%         3
 Inner Flame              Hex/Fire       2%         N/A       50%         3
 Sigil of Binding         Hex            2%         N/A       50%         3
 Stone Arrow              Conj/Erth      4%         3d7       50%         3
 Teleport Other           Tloc           2%         N/A       50%         3
 Vampiric Draining        Necr           2%         2d6       50%         3
 Airstrike                Air            1%         2d(1-17)  88%         4
 Flame Wave               Conj/Fire      2%         2d4       88%         4
 Fulminant Prism          Conj/Alch      1%         3d5       88%         4
 Leda's Liquefaction      Alch/Erth      1%         N/A       88%         4
 Manifold Assault         Tloc           2%         N/A       88%         4
 Petrify                  Alch/Erth      2%         N/A       88%         4
 Vhi's Electric Charge    Tloc/Air       4%         N/A       88%         4
 Freezing Cloud           Conj/Ice/Air   4%         6-21      92%         5
 Arcjolt                  Conj/Air       1%         1d11      99%         5
 Irradiate                Conj/Alch      1%         3d12      99%         5
 Iskenderun's Battlesphe  Conj           2%         2d6       99%         5
 Lee's Rapid Deconstruct  Erth           1%         3d4*      99%         5
 Summon Mana Viper        Hex/Summ       2%         N/A       99%         5
 Bombard                  Conj/Erth      1%         9d1       100%        6
 Dispersal                Tloc           1%         N/A       100%        6
 Sculpt Simulacrum        Ice/Alch       6%         N/A       100%        6
 Summon Cactus Giant      Summ           1%         N/A       100%        6
 Malign Gateway           Summ/Tloc      1%         N/A       100%        7
 Monstrous Menagerie      Summ           1%         N/A       100%        7
 Ozocubu's Refrigeration  Ice            10%        4d9       100%        7
 Spellforged Servitor     Conj/Summ      1%         N/A       100%        7
 Ignition                 Fire           1%         3d3       100%        8
 Lehudib's Crystal Spear  Conj/Erth      1%         10d2      100%        8
 Maxwell's Capacitive Co  Air            1%         ∞         100%        8
 Summon Horrible Things   Summ           1%         N/A       100%        8
 Polar Vortex             Ice            10%        12d1*     100%        9
 Animate Armour           Summ/Erth      Unusable   N/A       N/A         4
 Dimensional Bullseye     Hex/Tloc       Unusable   N/A       N/A         4

Dungeon Overview and Level Annotations

Branches:
Dungeon (15/15)            Temple (1/1) D:7            Lair (4/5) D:11
  Swamp (0/4) Lair:2        Snake (0/4) Lair:3        Slime (0/5) Lair:4
    Orc (2/2) D:11            Elf (0/3) Orc:2        Vaults (0/5) D:14
 Depths (1/4) D:15          IceCv (visited)

Altars:
Ashenzari
Cheibriados
Dithmenos
Elyvilon
Fedhas
Gozag
Hepliaklqana
Kikubaaqudgha
Makhleb
Nemelex Xobeh
Okawaru
Qazlal
Ru
Sif Muna
Trog
Uskayaw
Vehumet
Wu Jian
Xom
Yredelemnul
Zin
The Shining One
Jiyva

Shops:
D:7 =   D:9 (   D:11 [   Orc:2 *!=[

Portals:
Abyss: Depths:1

Annotations:
D:3 1 runed translucent door, 1 exclusion, Crazy Yiuf
D:6 3 runed translucent doors, Jeremiah; sanka's ghost, novice MiFi
D:7 exclusions: Joseph and Maggie
Temple 2 transporters


Innate Abilities, Weirdness & Mutations

You are a fearsome dragon!
You have a powerful clawing attack.
Your giant scaled body is strong and resilient, but less evasive.
You can breathe fire.
You are flying.
Your maximum health is greatly increased.
((You have sharp claws.))
((You have razor-sharp teeth.))
You have supernaturally acute eyesight. (SInv)
((Your thick and shaggy fur keeps you warm. (AC +3, rC+)))
((Your paws help you pounce on unaware monsters.))
You are incapable of wielding weapons or throwing items.
You cannot wear armour.
You gain extra lives every three experience levels.


Message History

Your shadow barely misses the deep troll earth mage.
The deep troll bites you but does no damage.
The deep troll claws you!
The deep troll claws you but does no damage.
The deep troll earth mage bites you but does no damage.
The deep troll earth mage claws you.
The deep troll earth mage claws you but does no damage.
The deep troll earth mage gestures next to you while chanting.
The wall shatters!
The blast of rock fragments hits you!
You hear a deafening roar!
You claw the deep troll earth mage!
You kill the deep troll earth mage!
Dithmenos accepts your kill.
The troll leather armour is intact enough to wear.
The deep troll closely misses you. The deep troll barely misses you.
The deep troll claws you but does no damage.
The deep troll bites you.
The deep troll claws you but does no damage.
The deep troll barely misses you.
The deep troll attacks as it pursues you!
The deep troll bites you!
The deep troll claws you but does no damage.
The deep troll barely misses you.
The deep troll attacks as it pursues you!
The deep troll misses you. The deep troll barely misses you.
The deep troll closely misses you.
The deep troll attacks as it pursues you!
The deep troll barely misses you. The deep troll claws you.
The deep troll closely misses you.
The deep troll attacks as it pursues you!
The deep troll bites you!
You emit a cloud of dark smoke.
The deep troll claws you but does no damage.
The deep troll claws you.
* * * LOW HITPOINT WARNING * * *
You hear a grinding noise.
The deep troll attacks as it pursues you!
The deep troll bites you!
* * * LOW HITPOINT WARNING * * *
The deep troll closely misses you. The deep troll claws you!
* * * LOW HITPOINT WARNING * * *
You feel yourself speed up. The deep troll bites you!!
You die...

# #...§§# #.........# # #....§#
#.........# .##...§.#
##.........####
..'.....####.......[.......
###................T.......
#...#############T#######
#...#...........#T#
#...#.####.####.#§#
##'.#....#.#....T§#
##..####.#.#.##§#§####.#
#........#.#.§DT§§§....#
###.#.######.##§##########.####
#..............................
#..........##.#.....#..###p....
#..........#..'.....+.##


ZC. #............##.....#....# > #......)...####.....####.+ #..........# #.....#
# #..........# #.....# #..........# #.....# ...........# ####### You could see a
deep troll and a deep troll earth mage.

Vanquished Creatures
  Jorgrun (D:12)
  2 sphinxes
  3 frost giants
  3 stone giants (Depths:1)
  A very ugly thing (Depths:1)
  Josephine (Orc:1)
  2 fire dragons (Depths:1)
  An ettin (Depths:1)
  An ice dragon (D:12)
  10 hydras
  A rakshasa (Depths:1)
  Fannar (D:11)
  2 boulder beetles
  Harold (Lair:2)
  3 centaur warriors
  A deep troll shaman (D:15)
  7 two-headed ogres
  3 death yaks (IceCv)
  A tengu warrior (D:15)
  A vampire mage (D:15)
  3 deep troll earth magi
  4 orc high priests (Orc:2)
  A skyshark (Lair:4)
  3 skeletal warriors (D:15)
  A spark wasp zombie (D:15)
  A glowing orange brain (Depths:1)
  2 iron trolls (D:15)
  A flayed ghost (Depths:1)
  An arcanist (D:15)
  A mana viper (shapeshifter) (D:14)
  A bog body (Lair:2)
  A necromancer (D:15)
  2 harpies (Depths:1)
  2 orc sorcerers (Orc:2)
  2 deep elf pyromancers
  24 ugly things
  6 cyclopes
  3 oklob plants
  4 manticores
  A kobold blastminer (Orc:1)
  Maurice (D:12)
  6 elephants
  4 black mambas
  2 ice statues
  Joseph (D:7)
  A black mamba (shapeshifter) (D:14)
  9 cane toads
  A torpor snail (Lair:4)
  Maggie (D:7)
  2 unseen horrors
  5 yaktaurs
  2 tengu conjurers
  A freezing wraith (D:15)
  9 komodo dragons
  6 trolls
  25 blink frogs
  14 polar bears
  6 slime creatures
  A spriggan zombie (D:15)
  Sigmund (D:3)
  A shadow (D:12)
  4 wraiths
  A water elemental (D:12)
  4 wyverns
  A basilisk (D:14)
  50 yaks
  3 steam dragons
  A warg (Orc:2)
  6 water moccasins
  A water moccasin (shapeshifter) (D:14)
  2 hell hounds (Depths:1)
  20 orc warriors
  2 sky beasts (D:7)
  A swamp drake (D:11)
  16 ice beasts
  A black bear (D:4)
  2 laughing skulls (D:15)
  18 wolves (IceCv)
  3 ogres
  9 centaurs
  2 phantoms
  A kobold brigand (D:10)
  5 necrophages (Lair:3)
  A gnoll sergeant (D:9)
  9 bullfrogs
  4 scorpions
  A water moccasin zombie (D:4)
  8 wights
  4 killer bees (D:11)
  6 electric eels
  4 howler monkeys
  3 centaur zombies (D:4)
  3 bombardier beetles
  34 orc priests
  A gnoll bouda (D:6)
  A hound (D:3)
  4 jellies
  An iguana (D:6)
  2 scorpion zombies (D:4)
  2 sleepcaps
  Natasha (thrice) (D:2)
  40 orc wizards
  3 hound zombies (D:4)
  A hound skeleton (D:4)
  7 gnolls
  A howler monkey skeleton (D:4)
  7 adders
  A white imp (D:6)
  4 ufetubi
  7 adder zombies (D:4)
  2 adder skeletons (D:4)
  70 orcs
  4 bats
  6 endoplasms
  3 giant cockroaches
  7 hobgoblins
  11 kobolds
  7 quokkas
  9 ball pythons
  3 frilled lizards
  8 goblins
  A jackal zombie (D:4)
  6 rats
  A butterfly (Lair:1)
662 creatures vanquished.

Vanquished Creatures (others)
  A death yak (IceCv)
  A rime drake (IceCv)
  3 yaks (IceCv)
  A human (D:5)
  An orc (Orc:1)
7 creatures vanquished.

Grand Total: 669 creatures vanquished

Notes
Turn   | Place    | Note
-------+----------+-------------------------------------------
     0 | D:1      | AlterAsc the Felid Shapeshifter began the quest for the
                  | Orb.
     0 | D:1      | Reached XP level 1. HP: 10/10 MP: 2/2
   263 | D:1      | Reached XP level 2. HP: 14/14 MP: 3/3
   997 | D:2      | Reached XP level 3. HP: 18/18 MP: 4/4
  1058 | D:2      | Noticed Natasha
  1067 | D:2      | Killed Natasha
  1169 | D:2      | Noticed Natasha
  1182 | D:2      | Killed Natasha
  1183 | D:2      | Reached skill level 5 in Unarmed Combat
  1183 | D:2      | Reached XP level 4. HP: 7/22 MP: 5/5
  1183 | D:2      | Gained a life (2 lives remaining)
  1422 | D:2      | Noticed Natasha
  1429 | D:2      | Killed Natasha
  1820 | D:3      | Reached XP level 5. HP: 25/25 MP: 6/6
  1869 | D:3      | Noticed Sigmund
  1879 | D:3      | Killed Sigmund
  1880 | D:3      | Gained mutation: You are covered in thick fur. (AC +2)
                  | [Felid growth]
  1880 | D:3      | Reached XP level 6. HP: 30/30 MP: 7/7
  2189 | D:3      | Found a runed translucent door.
  2190 | D:3      | Noticed Crazy Yiuf
  2518 | D:4      | Reached XP level 7. HP: 31/33 MP: 8/8
  2583 | D:4      | Reached skill level 3 in Shapeshifting
  2704 | D:4      | Reached skill level 5 in Dodging
  2840 | D:4      | Reached skill level 4 in Shapeshifting
  2934 | D:4      | Identified the +3 ring mail "Nicwel" {Str+2}
  3018 | D:5      | Entered Level 5 of the Dungeon
  3066 | D:5      | Found a stormy altar of Qazlal.
  3101 | D:5      | Reached skill level 5 in Shapeshifting
  3194 | D:5      | Reached XP level 8. HP: 37/37 MP: 9/9
  3348 | D:5      | Found an ancient bone altar of Kikubaaqudgha.
  3989 | D:6      | Reached skill level 6 in Shapeshifting
  4119 | D:6      | Found a runed translucent gate.
  4120 | D:6      | Found a runed translucent gate.
  4120 | D:6      | Noticed sanka's ghost (novice MiFi)
  4121 | D:6      | Found a runed translucent gate.
  4133 | D:6      | Identified the +0 plate armour of the Stars {rC+ Will+
                  | rCorr Str-2}
  4447 | D:6      | You fall into a shaft and drop 2 floors!
  4569 | D:7      | Found a shimmering blue altar of Sif Muna.
  4933 | D:6      | Noticed Jeremiah
  5036 | D:6      | Reached skill level 7 in Shapeshifting
  5485 | D:7      | Noticed Joseph
  5558 | D:7      | Found a staircase to the Ecumenical Temple.
  5567 | D:7      | Found Techatur's Jewellery Shoppe.
  5578 | Temple   | Found a transporter.
  5578 | Temple   | Found a transporter.
  5578 | Temple   | Found a transporter.
  5578 | Temple   | Found a transporter.
  5578 | Temple   | Entered the Ecumenical Temple
  5594 | Temple   | Became a worshipper of Dithmenos the Shadowed
  5694 | D:7      | Reached skill level 8 in Shapeshifting
  5694 | D:7      | Reached XP level 9. HP: 20/41 MP: 10/10
  5901 | D:7      | Noticed Maggie
  6440 | D:7      | Killed Joseph
  6441 | D:7      | Reached skill level 9 in Shapeshifting
  6839 | D:8      | Found an ornate altar of the Wu Jian Council.
  6840 | D:8      | Found a hide-covered altar of Uskayaw.
  7253 | D:8      | Reached skill level 10 in Shapeshifting
  7714 | D:9      | Noticed a troll
  7846 | D:9      | Noticed a troll
  7877 | D:9      | Found Mamur's Antique Weapon Shop.
  7986 | D:10     | Entered Level 10 of the Dungeon
  8185 | D:10     | Slain by an orc warrior
  8185 | D:10     | Lost a life (1 life remaining)
  8253 | D:9      | Reached * piety under Dithmenos
  8261 | D:9      | Reached skill level 5 in Stealth
  8269 | D:9      | Reached XP level 10. HP: 32/46 MP: 11/11
  8269 | D:9      | Gained a life (2 lives remaining)
  8668 | D:9      | Noticed a red ugly thing
  8678 | D:9      | Killed a red ugly thing
  8718 | D:9      | Noticed a two-headed ogre
  8726 | D:9      | Killed a two-headed ogre
  9312 | D:10     | Reached skill level 10 in Unarmed Combat
  9493 | D:10     | Noticed a two-headed ogre
  9505 | D:10     | Killed a two-headed ogre
  9634 | D:10     | Reached XP level 11. HP: 52/52 MP: 12/12
  9641 | D:9      | Reached ** piety under Dithmenos
 10062 | D:10     | Noticed a two-headed ogre
 10069 | D:10     | Killed a two-headed ogre
 10510 | D:11     | Found a staircase to the Orcish Mines.
 10524 | D:11     | Reached skill level 11 in Shapeshifting
 10971 | D:11     | Found Jipnopt's Antique Armour Shoppe.
 11081 | D:11     | Noticed an oklob plant
 11083 | D:11     | Found a staircase to the Lair.
 11083 | D:11     | Noticed an oklob plant
 11321 | D:11     | Killed an oklob plant
 11387 | D:11     | Killed an oklob plant
 11421 | D:11     | Noticed a white ugly thing
 11428 | D:11     | Killed a white ugly thing
 11892 | D:11     | Reached skill level 12 in Shapeshifting
 11900 | D:11     | Reached *** piety under Dithmenos
 12271 | Lair:1   | Entered Level 1 of the Lair of Beasts
 12271 | Lair:1   | Noticed an oklob plant
 12543 | Lair:1   | Killed an oklob plant
 12809 | Lair:1   | Gained mutation: Your thick and shaggy fur keeps you warm.
                  | (AC +3, rC+) [Felid growth]
 12809 | Lair:1   | Reached XP level 12. HP: 10/56 MP: 13/13
 13064 | Lair:1   | Demolished by a komodo dragon
 13064 | Lair:1   | Lost a life (1 life remaining)
 13733 | Lair:2   | Noticed a six-headed hydra
 14022 | Lair:2   | Noticed Harold
 14031 | Lair:2   | Found a staircase to the Swamp.
 14140 | Lair:2   | Killed Harold
 14882 | Lair:3   | Slain by a six-headed hydra
 14882 | Lair:3   | Lost a life (0 lives remaining)
 14909 | Lair:3   | Reached **** piety under Dithmenos
 15280 | Lair:2   | Reached skill level 10 in Dodging
 15594 | Lair:3   | Noticed a five-headed hydra
 15955 | Lair:2   | Killed a six-headed hydra
 16342 | Lair:3   | Killed a five-headed hydra
 16635 | Lair:3   | Reached XP level 13. HP: 60/60 MP: 14/14
 16635 | Lair:3   | Gained a life (1 life remaining)
 16734 | Lair:3   | Found a staircase to the Snake Pit.
 17090 | Lair:4   | Found a viscous altar of Jiyva.
 17091 | Lair:4   | Found a staircase to the Slime Pits.
 17109 | Lair:3   | Reached skill level 13 in Shapeshifting
 18035 | Lair:4   | Reached skill level 14 in Shapeshifting
 18740 | Orc:1    | Entered Level 1 of the Orcish Mines
 18744 | Orc:1    | Reached ***** piety under Dithmenos
 18789 | Orc:1    | Noticed Fannar
 19104 | D:11     | Killed Fannar
 19198 | Orc:1    | Noticed Josephine
 19208 | Orc:1    | Killed Josephine
 19467 | Orc:2    | Entered Level 2 of the Orcish Mines
 20097 | Orc:2    | Reached skill level 15 in Shapeshifting
 20255 | Orc:2    | Found a staircase to the Elven Halls.
 21007 | Orc:2    | Found Ditoul's Jewellery Shop.
 21007 | Orc:2    | Found Ralowif's Assorted Antiques.
 21008 | Orc:2    | Found Ustroguv's Distillery.
 21012 | Orc:2    | Found Rumom's Antique Armour Shop.
 21529 | Orc:2    | Bought a potion of lignification for 30 gold pieces
 21529 | Orc:2    | Bought a potion of curing for 30 gold pieces
 21529 | Orc:2    | Bought a potion of curing for 30 gold pieces
 21531 | Orc:2    | Upgraded the game from 0.31.0-4-g52a2dc7128 to
                  | 0.31.0-9-g3a7656b989
 21742 | D:7      | Killed Maggie
 21954 | D:7      | Found a staircase to the Ecumenical Temple.
 22043 | D:7      | Found Techatur's Jewellery Shoppe.
 22432 | D:7      | Found a shimmering blue altar of Sif Muna.
 22811 | D:12     | Reached XP level 14. HP: 65/65 MP: 15/15
 22811 | D:12     | Gained a life (2 lives remaining)
 22909 | D:12     | Found a frozen archway.
 22918 | IceCv    | Entered an ice cave
 23349 | IceCv    | Got the Octavo of the Wendigo
 23366 | IceCv    | Mangled by a death yak
 23366 | IceCv    | Lost a life (1 life remaining)
 23513 | IceCv    | Identified the +2 pair of boots of Bespelled the Leaf {rN+
                  | SInv Stlth+}
 23583 | IceCv    | Noticed a frost giant
 23595 | IceCv    | Killed a frost giant
 23740 | IceCv    | Reached skill level 16 in Shapeshifting
 23778 | IceCv    | Found the +4 skin of Zhor {*Englaciate rC+++ SInv}
 23782 | IceCv    | Reached skill level 5 in Fighting
 23875 | IceCv    | Reached ****** piety under Dithmenos
 24007 | IceCv    | Learned a level 3 spell: Ozocubu's Armour
 24271 | D:12     | Noticed Maurice
 24280 | D:12     | Killed Maurice
 24281 | D:12     | Reached skill level 1 in Spellcasting
 24281 | D:12     | Reached skill level 1 in Ice Magic
 24354 | D:12     | Noticed a frost giant
 24387 | D:12     | Killed a frost giant
 24582 | D:12     | Got the Atlas of Shifting Ouranomancy
 24943 | D:12     | Noticed Jorgrun
 24952 | D:12     | Killed Jorgrun
 26014 | D:14     | Found a gate to the Vaults.
 26160 | D:14     | Identified a scroll of acquirement
 26161 | D:14     | Acquired a manual of Ice Magic
 26550 | D:15     | Entered Level 15 of the Dungeon
 26577 | D:15     | Reached XP level 15. HP: 79/79 MP: 16/20
 26788 | D:15     | Reached skill level 10 in Fighting
 26788 | D:15     | Reached skill level 5 in Ice Magic
 26831 | D:15     | Found a staircase to the Depths.
 27889 | Depths:1 | Entered Level 1 of the Depths
 27980 | Depths:1 | Noticed a sphinx
 28069 | D:15     | Killed a sphinx
 28307 | Depths:1 | Noticed a sphinx
 28359 | Depths:1 | Slain by a five-headed hydra
 28359 | Depths:1 | Lost a life (0 lives remaining)
 28360 | Depths:1 | Found a one-way gate to the infinite horrors of the Abyss.
 28452 | Depths:1 | Noticed a frost giant
 28462 | Depths:1 | Killed a frost giant
 28957 | Depths:1 | Killed a sphinx
 29469 | Depths:1 | HP: 4/124 [deep troll (14)]
 29470 | Depths:1 | Mangled by a deep troll

Illustrated notes

Levels and vault maps discovered:
D:1:      eino_arrival_druids_welcome, layout_loops_corners
D:2:      layout_basic, corexii_hall_statues_i, minmay_between, uniq_natasha
D:3:      layout_basic, uniq_sigmund, uniq_crazy_yiuf_cottage
D:4:      layout_rooms, serial_undead, serial_undead_d, serial_undead_d,
          serial_undead_f, serial_undead_f, serial_undead_b, serial_undead_f,
          serial_undead_d, serial_undead_c, serial_undead_f, serial_undead_d
D:5:      layout_cave_pods, nicolae_overflow_crystal_walls, tgw_kikubaaqudgha,
          minivault_24
D:6:      cheibrodos_quashed, layout_rooms, biasface_ghost_orc_armoury,
          uniq_jeremiah
D:7:      layout_layer_cave, led_sif_pool, minmay_temple_entry_large_hall,
          st_stairs_1, minmay_shop_enchanted_jewellery,
          nicolae_houndstooth_variations, uniq_joseph, uniq_maggie
D:8:      layout_loops_ring, jmf_multi_god_temple
D:9:      layout_irregular_city, serial_shops, nicolae_shop_statue_plus
D:10:     layout_big_octagon
D:11:     layout_basic, dpeg_oklobed_lair, erik_orc_1, serial_shops, shop
D:12:     minmay_twisted_water, layout_long_grid,
          portal_ice_cave_entry_pillars_1, uniq_jorgrun, uniq_maurice
D:13:     layout_roguey
D:14:     layout_roguey, david_vaults_2
D:15:     gammafunk_depths_entry_grave, layout_cave_pods, minmay_fountain_box
Temple:   hellmonk_temple_divided_pantheon
Lair:1:   layout_gridlike, dpeg_stationary_puzzle, lemuel_fruit_fields
Lair:2:   layout_cave_pods, skrybe_swamp_entry_bodies, bh_autumn_forest_stairs,
          st_stairs_13, lemuel_fruit_fields, uniq_harold
Lair:3:   layout_regular_city, dummy_snake_entry, roderic_carrion_pond,
          grunt_megastairs_1
Lair:4:   layout_layer_cave, minmay_slime_entry_pillars
Orc:1:    layout_caves, uniq_fannar, uniq_josephine
Orc:2:    st_orc_mages, layout_caves
Depths:1: layout_roguey [special_room_mythical_zoo], grunt_hell_entry_dis_mu,
          roderic_lattice_a, abyss_entry, chequers_serial_rivers_room_a,
          chequers_serial_rivers_micro_d, nicolae_water_bricks,
          grunt_decor_resistance, grunt_decor_junction, st_stairs_10,
          minmay_misc_feat_rugged, ashenzari_altar_1

Skill      XL: |  1  2  3  4  5  6  7  8  9 10 11 12 13 14 15 |
---------------+----------------------------------------------+-----
Unarmed Combat | 4 5 6 7 11 13 14 | 14.5
Dodging        | 3 4 5 6 11 | 11.1
Stealth        | 2 3 4 5 6 9 |  9.0
Shapeshifting  | 5 8 10 12 15 16 | 16.4
Fighting       | 2 3 9 11 | 11.5
Spellcasting   | 2 3 |  3.0
Ice Magic      | 4 6 |  6.0

Action                     |  1- 3 |  4- 6 |  7- 9 | 10-12 | 13-15 || total
---------------------------+-------+-------+-------+-------+-------++-------
  Melee: Unarmed           |    79 |   125 |   412 |   582 |  1004 ||  2202
         Bite              |     9 |    12 |    58 |    55 |   123 ||   257
         Punch             |       |     2 |    23 |    35 |    60 ||   120
         Constrict         |       |       |       |    32 |    13 ||    45
         Tailslap          |       |       |       |     1 |   143 ||   144
   Cast: Ozocubu's Armour  |       |       |       |       |    18 ||    18
Ability: Breathe Fire      |       |       |       |       |     9 ||     9
  Evoke: Wand              |       |       |       |    18 |       ||    18
    Use: Potion            |       |     1 |     1 |     7 |     5 ||    14
         Scroll            |       |       |     6 |     8 |     8 ||    22
   Stab: Sleeping          |     2 |     5 |     7 |    17 |    30 ||    61
         Distracted        |       |     1 |       |     1 |     4 ||     6
         Paralysed         |       |       |       |     6 |       ||     6
 Armour: Skin              |    27 |    35 |   147 |   271 |   833 ||  1313
  Dodge: Dodged            |    57 |    80 |   411 |   428 |   695 ||  1671
  Block: Other             |       |       |       |    43 |    77 ||   120
         Reflection        |       |       |       |       |     3 ||     3
   Form: Beast             |       |       |     2 |       |       ||     2
                           |       |       |     1 |       |       ||     1
         Serpent           |       |       |     1 |     1 |     1 ||     3
         Blade             |       |       |     1 |       |       ||     1
         Dragon            |       |       |       |     1 |     1 ||     2
